Map: Odyssey LE

Players

TERRAN - Winner!

  • Race: Protoss Protoss
  • League: Diamond
  • Spawn Location: 11:00

RimJaising

  • Race: Terran Terran
  • League: Diamond
  • Spawn Location: 5:00

VOD

Have the link to the VOD?

Description

Time

  • Played on: May 21, 2017, 12:10 p.m.
  • Length: 31:02
Show
View Real Time Build Order
Export as new Build Order

TERRAN Protoss - Winner!

Build Orders:  

Get SALT Encoding   

  12  0:01  Probe (Chrono Boost)  
  13  0:13  Probe (Chrono Boost)  
  14  0:25  Pylon  
  14  0:27  Assimilator  
  14  0:36  Probe (Chrono Boost)  
  15  0:46  Gateway  
  15  0:47  Probe (Chrono Boost)  
  16  0:57  Probe (Chrono Boost)  
  16  1:01  Pylon  
  17  1:10  Probe (Chrono Boost)  
  18  1:19  Gateway  
  18  1:29  Probe (Chrono Boost)  
  19  1:34  Cybernetics Core  
  19  2:07  Zealot  
  20  2:15  Nexus  
  20  2:18  Pylon  
  19  2:33  Adept  
  19  2:56  Adept  
  19  3:38  Adept  
  19  3:41  Mothership Core (Chrono Boost)  
  21  3:50  Forge  
  21  3:59  Nexus  
  21  4:00  Probe (Chrono Boost), Pylon  
  22  4:15  Pylon  
  22  4:32  Pylon  
  20  4:41  Photon Cannon  
  20  4:46  Photon Cannon  
  20  4:49  Photon Cannon  
  20  4:52  Stalker, Mothership Core (Chrono Boost)  
  20  4:57  Stargate  
  21  5:18  Probe (Chrono Boost)  
  22  5:23  Probe (Chrono Boost)  
  22  5:28  Photon Cannon  
  23  5:31  Assimilator  
  23  5:34  Probe (Chrono Boost)  
  24  5:38  Stargate  
  24  5:42  Pylon  
  24  5:43  Oracle  
  24  5:58  Probe (Chrono Boost)  
  24  6:02  Pylon  
  25  6:08  Probe (Chrono Boost)  
  26  6:15  Assimilator  
  26  6:17  Assimilator  
  26  6:19  Probe (Chrono Boost)  
  26  6:23  Phoenix  
  27  6:29  Probe (Chrono Boost)  
  29  6:40  Probe (Chrono Boost)  
  29  6:42  Probe (Chrono Boost)  
  30  6:50  Probe (Chrono Boost)  
  32  6:54  Probe (Chrono Boost)  
  32  7:01  Probe (Chrono Boost)  
  33  7:06  Probe (Chrono Boost)  
  34  7:13  Void Ray  
  34  7:18  Probe (Chrono Boost)  
  40  7:23  Probe (Chrono Boost)  
  40  7:26  Void Ray  
  41  7:30  Probe (Chrono Boost)  
  41  7:33  Probe (Chrono Boost)  
  46  7:43  Probe (Chrono Boost)  
  46  7:44  Probe (Chrono Boost)  
  48  7:54  Probe (Chrono Boost)  
  48  7:55  Probe (Chrono Boost), Void Ray  
  48  7:56  Pylon  
  54  8:04  Pylon  
  54  8:14  Probe (Chrono Boost)  
  53  8:24  Void Ray  
  57  8:30  Probe (Chrono Boost)  
  57  8:32  Void Ray, Mothership Core (Chrono Boost)  
  64  8:50  Probe (Chrono Boost)  
  64  8:53  Probe (Chrono Boost)  
  66  9:02  Pylon  
  66  9:05  Fleet Beacon, Probe (Chrono Boost)  
  67  9:10  Probe (Chrono Boost)  
  68  9:21  Probe (Chrono Boost)  
  73  9:31  Probe (Chrono Boost)  
  78  9:42  Probe (Chrono Boost)  
  58  11:17  Tempest  
  54  11:18  Stargate  
  54  11:21  Tempest  
  58  11:26  Probe (Chrono Boost), Stargate  
  59  11:35  Nexus  
  59  11:36  Stargate  
  59  11:45  Nexus  
  59  11:47  Pylon  
  59  11:53  Photon Cannon  
  59  11:54  Photon Cannon  
  59  11:57  Photon Cannon  
  59  12:06  Pylon x2  
  59  12:08  Tempest, Pylon  
  59  12:09  Pylon  
  59  12:12  Tempest  
  59  12:13  Tempest  
  59  12:14  Tempest  
  83  12:21  Photon Cannon  
  83  12:24  Photon Cannon  
  83  12:25  Photon Cannon  
  83  12:27  Pylon  
  83  12:28  Tempest  
  89  12:32  Probe (Chrono Boost)  
  90  12:38  Photon Cannon  
  89  12:55  Tempest x2  
  101  13:03  Photon Cannon  
  101  13:05  Photon Cannon  
  101  13:07  Photon Cannon  
  101  13:15  Oracle  
  101  13:16  Tempest  
  104  13:24  Probe (Chrono Boost)  
  111  13:30  Assimilator  
  111  13:32  Probe (Chrono Boost)  
  112  13:38  Assimilator  
  112  13:42  Probe (Chrono Boost)  
  113  13:56  Probe (Chrono Boost)  
  113  13:59  Pylon  
  113  14:02  Tempest  
  120  14:07  Probe (Chrono Boost)  
  121  14:17  Probe (Chrono Boost)  
  122  14:28  Probe (Chrono Boost)  
  123  14:32  Protoss Air Weapons Level 1  
  124  14:38  Probe (Chrono Boost), Pylon  
  124  14:42  Tempest  
  124  14:43  Tempest x2  
  142  14:47  Cybernetics Core  
  142  14:49  Protoss Shields Level 1, Probe (Chrono Boost)  
  143  14:59  Probe (Chrono Boost)  
  144  15:10  Probe (Chrono Boost)  
  144  15:20  Probe (Chrono Boost)  
  145  15:31  Probe (Chrono Boost)  
  145  15:34  Tempest x2  
  158  15:36  Tempest  
  164  15:49  Nexus  
  164  15:51  Pylon  
  164  15:55  Pylon  
  164  15:58  Assimilator  
  164  16:01  Assimilator  
  164  16:48  Void Ray x2  
  164  16:49  Void Ray x2  
  180  17:22  Carrier  
  180  17:26  Probe (Chrono Boost)  
  181  17:31  Void Ray x2  
  181  17:36  Probe (Chrono Boost)  
  190  17:47  Probe (Chrono Boost)  
  188  18:27  Pylon  
  188  18:29  Pylon  
  188  18:32  Pylon  
  188  18:37  Pylon  
  188  18:38  Pylon  
  188  18:40  Pylon  
  188  18:42  Pylon  
  188  18:43  Photon Cannon  
  188  18:44  Photon Cannon  
  188  18:45  Carrier  
  188  18:46  Probe (Chrono Boost), Photon Cannon  
  195  18:48  Photon Cannon  
  195  18:49  Photon Cannon  
  195  18:51  Photon Cannon  
  195  18:53  Photon Cannon, Oracle, Sentry  
  195  18:54  Photon Cannon  
  195  18:55  Pylon  
  200  18:58  Photon Cannon  
  200  19:00  Photon Cannon  
  200  19:01  Pylon  
  198  19:19  Carrier  
  196  19:34  Carrier x2  
  200  20:05  Nexus  
  177  20:43  Carrier x2  
  177  20:45  Carrier  
  195  21:00  Phoenix  
  197  21:23  Nexus  
  197  21:24  Pylon  
  197  21:26  Pylon  
  197  21:29  Assimilator  
  197  21:30  Assimilator  
  196  21:56  Pylon  
  196  21:59  Probe (Chrono Boost)  
  196  22:02  Photon Cannon  
  196  22:03  Photon Cannon  
  196  22:05  Photon Cannon  
  196  22:08  Photon Cannon  
  196  22:09  Probe (Chrono Boost)  
  196  22:10  Photon Cannon  
  196  22:12  Photon Cannon  
  196  22:13  Photon Cannon  
  197  22:15  Photon Cannon  
  197  22:33  Pylon  
  197  22:35  Pylon  
  196  23:00  Protoss Air Weapons Level 2  
  196  23:05  Nexus  
  196  23:07  Photon Cannon  
  196  23:08  Photon Cannon  
  196  23:09  Photon Cannon  
  196  23:10  Oracle  
  196  23:12  Photon Cannon x2  
  199  23:14  Assimilator  
  199  23:16  Robotics Facility  
  199  23:18  Assimilator  
  199  23:19  Protoss Air Armor Level 1  
  199  23:24  Twilight Council  
  199  23:27  Pylon  
  199  23:29  Pylon  
  199  23:32  Pylon  
  199  23:34  Pylon  
  199  23:36  Probe (Chrono Boost)  
  199  23:37  Assimilator  
  199  23:40  Nexus  
  200  23:55  Gateway x2  
  200  23:57  Gateway  
  200  24:01  Gateway  
  200  24:04  Gateway  
  200  24:30  Photon Cannon  
  200  24:31  Photon Cannon  
  200  24:40  Pylon  
  188  25:20  Nexus  
  188  25:33  Nexus  
  188  25:36  Pylon  
  188  25:38  Pylon  
  188  25:40  Pylon  
  188  25:44  Assimilator  
  183  26:37  Probe (Chrono Boost)  
  183  26:48  Probe (Chrono Boost)  
  180  26:58  Probe (Chrono Boost)  
  175  27:08  Pylon  
  175  27:10  Pylon  
  175  27:13  Carrier x4  
  199  27:19  Photon Cannon  
  199  27:21  Photon Cannon  
  199  27:23  Photon Cannon, Probe (Chrono Boost)  
  199  27:24  Photon Cannon  
  199  27:27  Photon Cannon  
  199  27:28  Photon Cannon  
  200  27:30  Photon Cannon x2  
  200  27:32  Photon Cannon  
  200  27:33  Photon Cannon  
  200  27:35  Photon Cannon  
  200  27:36  Photon Cannon  
  200  27:38  Pylon  
  200  27:55  Photon Cannon  
  200  27:58  Photon Cannon  
  200  27:59  Pylon  
  200  28:05  Pylon  
  200  28:09  Pylon  
  200  28:10  Nexus  
  200  28:57  Photon Cannon  
  200  29:00  Pylon  
  200  29:03  Pylon  
  200  29:05  Pylon  
  200  29:23  Photon Cannon  
  200  29:24  Photon Cannon  
Show
View Real Time Build Order
Export as new Build Order

RimJaising Terran 

Build Orders:  

Get SALT Encoding   

  12  0:01  SCV  
  13  0:13  SCV  
  14  0:20  Supply Depot  
  14  0:25  SCV  
  15  0:30  Refinery  
  15  0:41  SCV  
  16  0:46  Barracks  
  16  0:53  SCV  
  17  1:05  SCV  
  18  1:12  Supply Depot  
  18  1:18  SCV  
  19  1:30  SCV  
  20  1:38  Reaper  
  21  1:46  SCV  
  22  1:59  SCV  
  23  2:02  Bunker  
  23  2:10  Reaper  
  23  2:11  SCV  
  25  2:23  Refinery, SCV  
  25  2:25  Factory  
  26  2:54  Reaper  
  26  2:55  SCV  
  28  3:18  Factory Tech Lab  
  28  3:20  Starport, Orbital Command  
  28  3:23  Engineering Bay  
  27  3:40  Reaper  
  28  3:47  Command Center  
  28  3:50  Missile Turret  
  28  4:06  Viking  
  30  4:12  Reaper  
  30  4:13  Hi-Sec Auto Tracking  
  30  4:34  SCV  
  31  4:59  Banshee  
  34  5:01  Factory Tech Lab, Supply Depot  
  34  5:02  Supply Depot x2  
  33  5:16  Orbital Command  
  32  5:29  Siege Tank  
  32  5:30  SCV  
  36  5:36  Factory  
  36  5:42  SCV  
  36  5:54  SCV x2  
  38  6:01  Missile Turret x2  
  38  6:05  Missile Turret  
  38  6:10  SCV  
  38  6:11  SCV  
  40  6:14  Siege Tank  
  43  6:23  SCV  
  44  6:37  Banshee  
  47  7:01  Cyclone  
  47  7:13  Orbital Command  
  47  7:15  SCV  
  48  7:22  Factory Tech Lab  
  48  7:23  Factory Reactor  
  48  7:27  Refinery  
  48  7:28  Fusion Core  
  48  7:30  Refinery  
  48  7:34  Missile Turret  
  48  7:40  Missile Turret  
  48  7:52  SCV x2  
  48  7:57  Command Center  
  50  8:02  Supply Depot  
  50  8:03  Supply Depot  
  50  8:04  SCV x2  
  52  8:05  Starport  
  52  8:12  Armory  
  52  8:16  SCV x2  
  54  8:26  Missile Turret  
  54  8:27  Supply Depot  
  54  8:28  SCV x2  
  56  8:34  Factory Reactor  
  56  8:36  Hellion x2  
  56  8:37  Battlecruiser  
  56  8:40  SCV x2  
  67  8:49  Weapon Refit  
  67  8:52  SCV x2  
  67  9:01  Armory  
  67  9:02  Hellion x2  
  71  9:09  SCV x2  
  73  9:12  Missile Turret x2  
  73  9:13  Missile Turret  
  73  9:14  Missile Turret  
  73  9:23  SCV  
  73  9:24  SCV  
  75  9:32  Missile Turret x3  
  75  9:38  Missile Turret  
  75  9:43  Missile Turret  
  75  9:46  Planetary Fortress  
  75  10:05  Terran Vehicle And Ship Armor Level 1  
  75  10:07  Battlecruiser  
  76  10:36  Drilling Claws  
  73  11:11  Battlecruiser  
  76  11:21  Refinery  
  76  11:22  Refinery, Missile Turret  
  76  11:23  Missile Turret x2, SCV x2  
  76  11:24  SCV  
  79  11:35  SCV x2  
  79  11:36  Terran Ship Weapons Level 1, SCV  
  82  11:40  Viking  
  84  11:48  SCV  
  84  11:49  SCV  
  84  11:53  Missile Turret  
  86  11:55  Building Armor  
  86  11:56  Missile Turret  
  86  11:57  SCV  
  86  12:01  SCV  
  88  12:02  Widow Mine x2  
  92  12:08  SCV  
  92  12:09  SCV  
  92  12:13  SCV  
  95  12:16  Supply Depot  
  95  12:17  Supply Depot  
  95  12:19  Supply Depot  
  95  12:21  SCV  
  96  12:57  Battlecruiser  
  102  13:01  Terran Vehicle And Ship Armor Level 2  
  102  13:02  Starport  
  102  13:04  Starport  
  102  13:17  Widow Mine x2  
  107  13:34  SCV x2  
  107  13:38  SCV  
  107  13:39  Starport Tech Lab  
  107  13:40  Starport Tech Lab  
  109  13:42  Command Center  
  109  13:43  Terran Ship Weapons Level 2  
  109  13:46  SCV x2  
  111  13:50  SCV  
  112  14:05  Battlecruiser  
  112  14:06  Battlecruiser  
  122  14:12  Supply Depot  
  122  14:17  Supply Depot  
  122  14:26  Widow Mine  
  124  14:33  Widow Mine  
  124  14:34  Battlecruiser  
  126  14:55  Widow Mine  
  128  15:01  Factory Reactor  
  128  15:02  Widow Mine  
  118  15:23  Widow Mine  
  120  15:30  Widow Mine  
  120  15:34  Battlecruiser  
  125  15:45  Widow Mine x2  
  129  15:51  Battlecruiser  
  129  15:52  Widow Mine  
  129  15:53  Terran Vehicle And Ship Armor Level 3  
  137  15:59  Widow Mine  
  138  16:06  Battlecruiser  
  142  16:13  Widow Mine  
  141  16:20  Widow Mine  
  141  16:23  Widow Mine  
  144  16:27  Widow Mine  
  139  16:40  Orbital Command  
  139  16:42  Refinery, Widow Mine  
  139  16:45  Refinery  
  141  17:00  Widow Mine  
  140  17:18  Widow Mine, Raven x3  
  148  17:28  Widow Mine  
  150  17:37  Recalibrated Explosives  
  150  17:50  Missile Turret  
  150  18:00  Command Center  
  150  18:01  Raven, Command Center  
  152  18:08  Raven  
  152  18:09  Raven  
  155  18:48  Supply Depot  
  155  18:49  Supply Depot  
  155  18:50  Supply Depot x2  
  155  18:53  Supply Depot  
  137  20:35  Raven x3  
  141  20:40  SCV x3  
  146  20:52  SCV  
  141  21:34  Battlecruiser  
  147  21:57  Refinery  
  147  22:01  Refinery  
  140  23:03  Refinery  
  140  23:05  Raven  
  142  23:07  Raven  
  142  23:09  Refinery, Hellion x4  
  142  23:12  Refinery, Orbital Command  
  152  23:30  Hellion x2  
  152  23:31  Hellion x2  
  160  23:36  Orbital Command  
  160  23:52  Hellion x4  
  162  24:13  Hellion x2  
  166  24:17  Raven x2  
  166  24:21  Hellion x2  
  174  24:25  Missile Turret  
  174  24:26  Missile Turret x5  
  174  24:27  Missile Turret x3  
  174  24:28  Missile Turret x2  
  174  24:34  Hellion  
  150  25:19  Raven x3  
  156  25:29  Terran Ship Weapons Level 3  
  156  25:53  Missile Turret x2  
  156  25:55  Missile Turret x2  
  156  25:57  Missile Turret  
  156  26:08  SCV x2  
  148  26:20  SCV x2  
  145  26:32  SCV  
  146  26:33  SCV  
  147  26:44  Command Center  
  147  26:45  SCV  
  143  26:57  SCV  
  137  27:15  Raven  
  139  27:16  Raven x2  
  139  27:20  Corvid Reactor  
  142  27:58  Raven  
  142  27:59  Raven  
  146  28:29  Refinery  
  138  28:57  Raven  
  138  28:58  Raven  
  138  28:59  Raven  
  144  29:17  Command Center  
Tags
 
Add a new tag
Caveats
  • Supply blocks, unpowered buildings, or Contaminate may cause inaccurate times.
  • Supply counts are checked every 10 seconds.